 Dungeon Crawl Stone Soup version 0.22-a0-538-g76cc104 (webtiles) character file.

7 Amnesiac the Gusty (level 1, -2/10 HPs)
             Began as a Spriggan Wanderer on June 23, 2018.
             Slain by a kobold
             ... wielding a +0 short sword
              (3 damage)
             ... on level 1 of the Dungeon.
             The game lasted 00:00:30 (563 turns).

Amnesiac the Gusty (Spriggan Wanderer)               Turns: 563, Time: 00:00:31

Health: -2/10      AC:  2    Str:  8    XL:     1   Next: 83%
Magic:  3/3        EV: 15    Int: 16    God:
Gold:   23         SH:  0    Dex: 12    Spells: 0/0 levels left

rFire    . . .     SeeInvis +   d - +0 dagger
rCold    . . .     Gourm    .   (shield restricted)
rNeg     . . .     Faith    .   c - +0 robe
rPois    .         Spirit   .   (helmet restricted)
rElec    .         Reflect  .   (no cloak)
rCorr    .         Harm     .   (gloves unavailable)
MR       .....                  (boots unavailable)
Stlth    ++........             (no amulet)
HPRegen  0.03/turn              (no ring)
MPRegen  0.08/turn              (no ring)

@: very quick
A: very small, unfitting armour, see invisible, herbivore, speed 3, slow
metabolism 2
a: no special abilities


You were on level 1 of the Dungeon.
You were not hungry.

You visited 1 branch of the dungeon, and saw 1 of its levels.

You collected 23 gold pieces.

Inventory:

Hand Weapons
 d - a +0 dagger (weapon)
Armour
 c - a +0 robe (worn)
Wands
 a - a wand of enslavement (15)
Scrolls
 e - a scroll of immolation {!r, unknown}
Potions
 b - 2 potions of lignification {!q}
Comestibles
 f - a ration


   Skills:
 - Level 1.5 Fighting
 - Level 1.6 Short Blades
 - Level 1.0 Throwing
 + Level 1.5 Stealth
 - Level 1.5 Unarmed Combat
   Level 1.7 Air Magic
   Level 1.0 Poison Magic
 - Level 1.3 Evocations


You couldn't memorise any spells.
You didn't know any spells.
Your spell library was empty.

Dungeon Overview and Level Annotations

Branches:
Dungeon (1/15)

Altars:


Innate Abilities, Weirdness & Mutations

You are very small and have problems with some larger weapons.
You are too small for most types of armour.
You have supernaturally acute eyesight. (SInv)
You are a herbivore.
You cover ground extremely quickly.
You need to consume almost no food.


Message History

The hobgoblin is heavily wounded.
You closely miss the hobgoblin.
The hobgoblin is heavily wounded.
The hobgoblin barely misses you.
You hit the hobgoblin.
The hobgoblin is severely wounded.
The hobgoblin misses you.
You hit the hobgoblin but do no damage.
The hobgoblin is heavily wounded.
The hobgoblin completely misses you.
You hit the hobgoblin but do no damage.
The hobgoblin is heavily wounded.
The hobgoblin hits you with a club.
* * * LOW HITPOINT WARNING * * *
You hit the hobgoblin.
The hobgoblin is almost dead.
The hobgoblin misses you.
You hit the hobgoblin.
You kill the hobgoblin!
No target in view!
You start resting.
You start resting.
HP restored.
Things that are here:
a club; a hobgoblin corpse
Found a chain mail.
A goblin comes into view.
The goblin shouts!
A goblin is nearby!
A goblin is nearby!
The goblin hits you.
You hit the goblin.
The goblin is moderately wounded.
The goblin misses you.
You barely miss the goblin.
The goblin is moderately wounded.
The goblin closely misses you.
You hit the goblin.
The goblin is severely wounded.
The goblin barely misses you.
You hit the goblin.
You kill the goblin!
Training target 1.5 for Short Blades reached!
You need to enable at least one skill for training.
You start resting.
HP restored.
A kobold comes into view. It is wielding a short sword.
Found 10 gold pieces.
A kobold is nearby!
A kobold is nearby!
The kobold shouts!
You hit the kobold but do no damage.
A bat comes into view.
The kobold closely misses you.
You hit the kobold but do no damage. The kobold hits you with a short sword.
* * * LOW HITPOINT WARNING * * *
You miss the bat. The bat barely misses you.
The kobold hits you with a short sword.
* * * LOW HITPOINT WARNING * * *
You hit the kobold but do no damage. The bat misses you.
The kobold closely misses you.
You barely miss the kobold. The bat misses you.
The kobold hits you with a short sword.
You die...

#### #.. .# # ..#
.#
#####.#####.#####.#
......K@.b........#
.####.#####.##.#..#
#.#####.......#
#.......##...##
#######.###..#
#.###..# #......#
#####.## #.#


You could see a bat and a kobold.

Vanquished Creatures
  A dart slug (D:1)
  A goblin (D:1)
  A hobgoblin (D:1)
  A kobold (D:1)
4 creatures vanquished.

Notes
Turn   | Place    | Note
-------+----------+-------------------------------------------
     0 | D:1      | Amnesiac the Spriggan Wanderer began the quest for the Orb.
     0 | D:1      | Amnesiac set off with: a wand of enslavement (15), 2 potions of lignification {!q}, a +0 robe, a +0 dagger, a ration
     0 | D:1      | Reached XP level 1. HP: 10/10 MP: 3/3
   313 | D:1      | Reached skill level 1 in Short Blades
   563 | D:1      | Slain by a kobold

Vault maps used:
D:1:      eino_arrival_cavern_a

Skill      XL: |  1 |
---------------+----+-----
Short Blades   | 1 |  1.6
Fighting       | |  1.5
Throwing       | |  1.0
Stealth        | |  1.5
Unarmed Combat | |  1.5
Air Magic      | |  1.7
Poison Magic   | |  1.0
Evocations     | |  1.3

Action                   || total
-------------------------++-------
Melee: Dagger            ||    28
Dodge: Dodged            ||    19

Table legend:
 A = Spawn XP
 B = Non-spawn XP
 C = Spawn XP percentage of total XP
 D = Spawn monster count
 E = Non-spawn monster count
 F = Spawn count percentage of total count
 G = Total turns spent on level
                    A         B        C        D         E        F      G
               +---------+---------+-------+---------+---------+-------+---------
         Total |       0 |      10 |   0.0 |       0 |       4 |   0.0 |   563
               +---------+---------+-------+---------+---------+-------+---------
           D:1 |       0 |      10 |   0.0 |       0 |       4 |   0.0 |   563
               +---------+---------+-------+---------+---------+-------+---------
